 Dungeon Crawl Stone Soup version 0.31.0-12-g77e489cdc1 (webtiles) character file.

Game seed: 5056421868612019708

32 booth the Chopper (level 3, -4/28 HPs)
             Began as a Demonspawn Gladiator on Feb 20, 2024.
             Slain by Terence
             ... wielding a +0 flail
              (6 damage)
             ... on level 2 of the Dungeon.
             The game lasted 00:05:14 (586 turns).

booth the Chopper (Demonspawn Gladiator)             Turns: 586, Time: 00:05:15

Health: -4/28      AC:  5    Str: 14    XL:     3   Next: 8%
Magic:  3/3        EV: 12    Int: 10    God:
Gold:   57         SH:  0    Dex: 14    Spells: 2/2 levels left

rFire   . . .        a - +0 war axe
rCold   . . .        (no shield)
rNeg    . . .        b - +0 leather armour
rPois   .            c - +0 helmet
rElec   .            (no cloak)
rCorr   .            (no gloves)
SInv    .            (no boots)
Will    .....        (no amulet)
Stlth   +            (no ring)
HPRegen 0.24/turn    (no ring)
MPRegen 0.08/turn

%: no passive effects
@: lethally poisoned (-4 -> -5)
A: hooves 1, sharp scales 1
a: no special abilities


You were on level 2 of the Dungeon.
You visited 1 branch of the dungeon, and saw 2 of its levels.

You collected 57 gold pieces.

Inventory:

Hand Weapons
 a - a +0 war axe (weapon)
 f - a +0 spear
Missiles
 d - 3 throwing nets
 e - a javelin
 g - 4 poisoned darts (quivered)
Armour
 b - a +0 leather armour (worn)
 c - a +0 helmet (worn)


   Skills:
 + Level 2.3 Fighting
 * Level 3.2 Axes
 + Level 2.1 Throwing
 + Level 3.0 Dodging


You had 2 spell levels left.
You didn't know any spells.
Your spell library was empty.

Dungeon Overview and Level Annotations

Branches:
Dungeon (2/15)

Altars:

Annotations:
D:2 Terence


Innate Abilities, Weirdness & Mutations

You have large cloven feet.
You are partially covered in razor-sharp scales. (AC +1, Slay +1)


Message History

Terence hits you with a +0 flail! Terence hits you with a +0 flail.
* * * LOW HITPOINT WARNING * * *
You hit Terence. Your kick misses Terence.
Terence is severely wounded.
You barely miss the endoplasm. The endoplasm freezes you.
You are frozen.
* * * LOW HITPOINT WARNING * * *
Terence closely misses you.
You hit Terence but do no damage. You kick Terence, but do no damage.
Terence is severely wounded.
You hit the endoplasm. The endoplasm barely misses you.
Terence hits you with a +0 flail.
* * * LOW HITPOINT WARNING * * *
You aren't carrying any potions.
You aren't carrying any scrolls.
You barely miss Terence.
Terence is severely wounded.
You hit the endoplasm.
You kill the endoplasm!
Terence closely misses you. The adder barely misses you.
Terence barely misses you.
You closely miss Terence.
Terence is severely wounded.
You hit the adder. The adder bites you.
* * * LOW HITPOINT WARNING * * *
You are poisoned.
The adder poisons you! Terence barely misses you.
The adder bites you but does no damage.
You barely miss Terence. You kick Terence.
Terence is severely wounded.
You barely miss the adder.
* * * LOW HITPOINT WARNING * * *
You feel sick. Terence closely misses you. The adder closely misses you.
You closely miss Terence.
Terence is severely wounded.
You closely miss the adder.
You feel sick. The adder completely misses you.
Terence hits you with a +0 flail.
You die...
Terence says, "Rest in peace."

## .. ## #. .. #. .#
..S.. #. .#
.......###.#.# #.#
..........@#.# #.#
..........S@.# #.#
....#####..## #.#
..#.###.#..# #.#
#.#.#.#.#.# #.#
#.#.#.##.###.#
#.#(###.....#
#.#†#.##..####
#.#.#.#.#..#
......##..#.###.#...#


You could see Terence and an adder.

Vanquished Creatures
  An adder (D:2)
  3 bats (D:1)
  3 endoplasms
  3 giant cockroaches (D:1)
  2 hobgoblins (D:1)
  A quokka (D:1)
  3 ball pythons
  A frilled lizard (D:1)
  2 goblins (D:1)
  2 rats
21 creatures vanquished.

Notes
Turn   | Place    | Note
-------+----------+-------------------------------------------
     0 | D:1      | booth the Demonspawn Gladiator began the quest for the Orb.
     0 | D:1      | Reached XP level 1. HP: 16/16 MP: 1/1
   215 | D:1      | Gained mutation: You have large cloven feet. [demonic
                  | ancestry]
   215 | D:1      | Reached XP level 2. HP: 22/22 MP: 2/2
   561 | D:2      | Gained mutation: You are partially covered in razor-sharp
                  | scales. (AC +1, Slay +1) [demonic ancestry]
   561 | D:2      | Reached XP level 3. HP: 17/28 MP: 3/3
   577 | D:2      | Noticed Terence
   586 | D:2      | Slain by Terence

Illustrated notes

Levels and vault maps discovered:
D:1:      ebering_trefoil_3fold, layout_basic
D:2:      minmay_diamond_boxcup, layout_basic, minmay_circle_x, uniq_terence

Skill      XL: |  1  2 |
---------------+-------+-----
Throwing       | 2 |  2.1
Axes           | 3 |  3.2
Dodging        | 3 |  3.0
Fighting       | |  2.3

Action                     || total
---------------------------++-------
  Melee: War axe           ||    43
         Kick              ||    10
    Use: Scroll            ||     2
 Armour: Leather armour    ||    31
  Dodge: Dodged            ||    36
